 Dungeon Crawl Stone Soup version 0.27-a0-148-g9515ab555c (webtiles) character file.

Game seed: 14783749227926161116

179 jasper the Chopper (level 5, 0/43 HPs)
             Began as a Palentonga Warper on Jan 26, 2021.
             Was an Initiate of Ashenzari.
             Succumbed to a worker ant's poison
             ... on level 4 of the Dungeon.
             The game lasted 00:05:24 (2383 turns).

jasper the Chopper (Palentonga Warper)              Turns: 2383, Time: 00:05:24

Health: 0/43       AC:  4    Str: 14    XL:     5   Next: 33%
Magic:  0/8        EV:  9    Int: 14    God:    Ashenzari [......]
Gold:   77         SH:  0    Dex: 10    Spells: 3/8 levels left

rFire    . . .     SeeInvis +   a - +1 hand axe
rCold    . . .     Faith    .   (no shield)
rNeg     . . .     Spirit   .   b - +0 leather armour
rPois    .         Reflect  .   (no helmet)
rElec    .         Harm     .   (no cloak)
rCorr    .         Rampage  .   (no gloves)
Will     .....     Rnd*Tele +   (no barding)
Stlth    +.........             (no amulet)
HPRegen  0.14/turn              i - ring of teleportation (curse)
MPRegen  0.11/turn              (no ring)

@: lethally poisoned (0 -> -7), very slightly contaminated
A: large, rugged brown scales 3, see invisible, deformed body, roll 1, armoured
tail
a: Rolling Charge, Renounce Religion, Curse Item


You were on level 4 of the Dungeon.
You worshipped Ashenzari.
Ashenzari was noncommittal.
You visited 1 branch of the dungeon, and saw 4 of its levels.

You collected 77 gold pieces.

Inventory:

Hand Weapons
 a - a +1 hand axe (weapon)
 g - a cursed -3 morningstar
Missiles
 c - 35 stones (quivered)
 e - 5 boomerangs of dispersal
Armour
 b - a +0 leather armour (worn)
 d - a +0 scale mail
Jewellery
 i - a cursed ring of teleportation (left hand)
Wands
 f - a wand of digging (5)


   Skills:
 - Level 2.0 Fighting
 + Level 5.6 Axes
 - Level 0.6 Throwing
 - Level 0.7 Armour
 - Level 1.5 Dodging
 - Level 2.0 Spellcasting
 - Level 3.0 Translocations


You had 3 spell levels left.
You knew the following spells:

 Your Spells              Type           Power        Failure   Level
a - Blink                 Tloc           N/A          13%         2
b - Gell's Gravitas       Tloc           4%           26%         3

Your spell library contained the following spells:

 Spells                   Type           Power        Failure   Level
 Lesser Beckoning         Tloc           4%           26%         3
 Teleport Other           Tloc           9%           26%         3
 Passage of Golubria      Tloc           N/A          65%         4


Dungeon Overview and Level Annotations

Branches:
Dungeon (4/15)
 Temple: D:4-7

Altars:
Ashenzari

Annotations:
D:2 Natasha


Innate Abilities, Weirdness & Mutations

You are completely covered in rugged brown scales. (AC +3, +7% HP)
You have supernaturally acute eyesight. (SInv)
Armour fits poorly on your strangely shaped body.
You can roll at nearby foes to attack.
You have a long armoured tail.


Message History

Casting: Blink (safe; 13% risk of failure)
Confirm with . or Enter, or press ? or * to list all spells.
You miscast Blink.
You are very lightly contaminated with residual magic.
Nothing appears to happen.
The worker ant bites you but does no damage.
You now have 2/8 mp.
Casting: Blink (safe; 13% risk of failure)
Confirm with . or Enter, or press ? or * to list all spells.
You blink.
The orc barely misses you. The worker ant bites you.
* * * LOW HITPOINT WARNING * * *
You are lethally poisoned!
The worker ant poisons you!
You take 6 damage, and have 1/43 hp.
You now have 0/8 mp.
You aren't carrying any scrolls.
Unknown command.
You aren't carrying any potions.
You closely miss the worker ant. You hit the frilled lizard. You hit the orc.
You closely miss the orc.
You die...

#...# ##...#...
....# ##........
#..###
####........#
#.<.##............
###.......>#...#
##B########ยง.#
#..# #...# ##.##
#lB## #.B# #o@#
###oo# ##o##
..#.o..## #..#
...lo...## ##..#
..B####..####..###
..# ##...#.....##
.. #..........# .
#.......o#...#
##........##.....


You could see a worker ant, 2 orcs and a frilled lizard.

Vanquished Creatures
  A hound (D:4)
  A centaur skeleton (D:4)
  An iguana (D:4)
  A worker ant (D:4)
  A gnoll (D:4)
  An adder (D:4)
  A worm (D:2)
  A dart slug (D:4)
  3 orcs (D:4)
  A ball python (D:2)
  6 bats
  3 giant cockroaches
  5 goblins
  8 hobgoblins
  A quokka (D:3)
  5 frilled lizards
  5 kobolds
  8 rats
53 creatures vanquished.

Notes
Turn   | Place    | Note
-------+----------+-------------------------------------------
     0 | D:1      | jasper the Palentonga Warper began the quest for the Orb.
     0 | D:1      | Reached XP level 1. HP: 18/18 MP: 3/3
   350 | D:1      | Reached XP level 2. HP: 25/25 MP: 5/5
   353 | D:1      | Learned a level 2 spell: Blink
   503 | D:1      | Reached skill level 3 in Axes
  1420 | D:2      | Noticed Natasha
  1440 | D:3      | Reached XP level 3. HP: 25/31 MP: 6/6
  1513 | D:3      | Found a broken altar of Ashenzari.
  1518 | D:3      | Became a worshipper of Ashenzari the Shackled
  1824 | D:4      | Reached skill level 4 in Axes
  1992 | D:4      | Reached XP level 4. HP: 29/38 MP: 7/7
  1996 | D:4      | Learned a level 3 spell: Gell's Gravitas
  2247 | D:4      | Reached skill level 5 in Axes
  2255 | D:4      | Reached XP level 5. HP: 38/43 MP: 8/8
  2382 | D:4      | HP: 1/43 [worker ant (6)]
  2383 | D:4      | Succumbed to a worker ant's poison

Illustrated notes

Levels and vault maps discovered:
D:1:      dpeg_arrival_round_a, layout_loops_corners
D:2:      layout_loops_ring, nicolae_qazlal_general_emergency, elyvilon_altar_1,
          uniq_natasha
D:3:      layout_basic, old_standard_altar, chequers_ecumenical_altar_twisty,
          grunt_ministairs_1
D:4:      minmay_general_purpose_star, layout_layer_cave, lemuel_round_altar,
          serial_shops, kennysheep_mini, nicolae_shop_behind_doors

Skill      XL: |  1  2  3  4 |
---------------+-------------+-----
Axes           | 3 4 5 |  5.6
Fighting       | |  2.0
Throwing       | |  0.6
Armour         | |  0.7
Dodging        | |  1.5
Spellcasting   | |  2.0
Translocations | |  3.0

Action                   |  1- 3 |  4- 6 || total
-------------------------+-------+-------++-------
Melee: Hand axe          |   115 |    31 ||   146
       Tailslap          |     9 |     6 ||    15
Throw: Stone             |    39 |     4 ||    43
 Cast: Blink             |     1 |     3 ||     4
 Abil: Rolling Charge    |    17 |     4 ||    21
  Use: Scroll            |     7 |       ||     7
       Potion            |     1 |     2 ||     3
Armor: Leather armour    |    46 |     6 ||    52
Dodge: Dodged            |    55 |    11 ||    66

Table legend: (Time is in decaauts)
 A = Elapsed time spent in this place.
 B = Non-inter-level travel time spent in this place.
 C = Inter-level travel time spent in this place.
 D = Time resting spent in this place.
 E = Time spent auto-exploring this place.
 F = Levels seen in this place.
 G = Mean time per level.
                   A        B        C        D        E       F      G
               +--------+--------+--------+--------+--------+-----+--------+
         Total |   2396 |   2348 |     48 |    412 |   1459 |   4 |  599.0 |
       Dungeon |   2396 |   2348 |     48 |    412 |   1459 |   4 |  599.0 |
               +--------+--------+--------+--------+--------+-----+--------+

Top non-repeatable levels by time:
     D:1: 1207 daAuts
     D:3: 486 daAuts
     D:4: 453 daAuts
     D:2: 248 daAuts
